 Dungeon Crawl Stone Soup version 0.30-a0-553-g7fabdf1491 (webtiles) character file.

Game seed: 9758974745944478620

21921 whiskeysaurus the Nimble (level 13, -8/75 HPs)
             Began as a Djinni Conjurer on Dec 26, 2022.
             Was a Believer of Ashenzari.
             Killed from afar by a frost giant (76 damage)
             ... with a bolt of cold
             ... on level 12 of the Dungeon.
             The game lasted 01:09:05 (17476 turns).

whiskeysaurus the Nimble (Djinni Conjurer)         Turns: 17476, Time: 01:09:05

Health: -8/75      AC: 14    Str:  6    XL:     13   Next: 23%
Gold:   676        EV: 21    Int: 28    God:    Ashenzari [**....] SH:  0 Dex: 19

rFire   + . .      SeeInvis +    I - staff of conjuration
rCold   x . .      Faith    .    (no shield)
rNeg    . . .      Spirit   .    P - +2 robe {Archmagi}
rPois   ∞          Reflect  .    T - +2 hat "Prescient Shame" {Stlth+, Self, Range} (curse)
rElec   .          Harm     .    H - +2 cloak {rCorr}
rCorr   +          Rampage  .    p - +0 pair of gloves
Will    +....      Archmagi +    (boots unavailable)
Stlth   ++++                     (no amulet)
HPRegen 0.32/turn                o - ring "Gnosis of Ashenzari" {+Blink rPois rF- AC+4 Int+4, Evo, Self} (curse)
MPRegen 0.00/turn                u - ring "Loss of Ashenzari" {Dex+6, Melee, Fort} (curse)

@: flying
A: sickness immunity, fire resistance 2, cold vulnerability 1, float, innate
caster, HP casting, extra vitality 1
a: Renounce Religion, Evoke Blink, Curse Item, Shatter the Chains


You were on level 12 of the Dungeon.
You worshipped Ashenzari.
Ashenzari was pleased with you.
You visited 2 branches of the dungeon, and saw 13 of its levels.
You also visited: Sewer and Bailey.

You collected 919 gold pieces.
You spent 243 gold pieces at shops.

Inventory:

Hand Weapons
 j - a +0 spear
 q - a +3 sling
 A - a +3 whip
 L - a +4 spectral quarterstaff
 R - a +2 dire flail of holy wrath
 S - the +3 spear "Transmigrator" {venom, rC- rN+ Stlth+}
   (You found it on level 10 of the Dungeon)

   It poisons the flesh of those it strikes.
   rC:        It makes you vulnerable to cold.
   rN:        It protects you from negative energy.
   Stlth:     It makes you more stealthy.
 V - the +6 great sword "Mainon" {speed, *Corrode +Blink rC+++ Str+3}
   (You took it off an orc priest on level 12 of the Dungeon)

   Attacks with this weapon are significantly faster.
   Str:       It affects your strength (+3).
   rC:        It renders you almost immune to cold.
   +Blink:    It lets you blink.
   *Corrode:  It may corrode you when you take damage.
Missiles
 z - 2 throwing nets
Armour
 a - a +0 robe
 p - a +0 pair of gloves (worn)
 r - an orb of light
 v - a +0 leather armour
 x - a scarf of harm
 G - a +0 cloak
 H - a +2 cloak of preservation (worn)
 J - a +4 plate armour of willpower
 P - a +2 robe of the Archmagi (worn)
 T - the cursed +2 hat "Prescient Shame" (worn) {Stlth+, Self, Range}
   (You took it off Gastronok on level 10 of the Dungeon)

   It has a curse which improves the following skills: Introspection: Fighting
   and Spellcasting.
   Ranged Combat: Ranged Weapons and Throwing.
Magical Staves
 I - a staff of conjuration (weapon)
Jewellery
 o - the cursed ring "Gnosis of Ashenzari" (left hand) {+Blink rPois rF- AC+4 Int+4, Evo, Self}
   (You found it on level 3 of the Dungeon)

   [ring of protection]

   AC:        It affects your AC (+4).
   Int:       It affects your intelligence (+4).
   rF:        It makes you vulnerable to fire.
   rPois:     It protects you from poison.
   +Blink:    It lets you blink.
   It has a curse which improves the following skills: Evocations: Evocations.
   Introspection: Fighting and Spellcasting.
 u - the cursed ring "Loss of Ashenzari" (right hand) {Dex+6, Melee, Fort}
   (You found it on level 4 of the Dungeon)

   [ring of dexterity]

   Dex:       It affects your dexterity (+6).
   It has a curse which improves the following skills: Melee Combat: Short
   Blades, Long Blades, Axes, Maces & Flails, Polearms, Staves and Unarmed
   Combat.
   Fortitude: Armour and Shields.
Wands
 i - a wand of quicksilver (19)
 E - a wand of iceblast (19)
 K - a wand of charming (10)
 M - a wand of flame (14)
 U - a wand of mindburst (5)
Scrolls
 b - a scroll of silence
 c - 4 scrolls of amnesia
 d - 6 scrolls of teleportation
 f - a scroll of enchant armour
 l - 5 scrolls of identify
 t - a scroll of fear
 y - 2 scrolls of blinking
 C - 2 scrolls of fog
 F - a scroll of vulnerability
 N - 2 scrolls of brand weapon
 Q - a scroll of magic mapping
Potions
 e - 5 potions of degeneration
 g - a potion of heal wounds
 h - 4 potions of curing
 k - 2 potions of ambrosia
 m - 2 potions of cancellation
 n - 3 potions of lignification
 s - a potion of attraction
 w - 4 potions of might
 B - a potion of haste
 D - 2 potions of mutation
 O - a potion of brilliance


   Skills:
 + Level 13.3 Dodging
 - Level 5.0 Stealth
 * Level 11.8(13.6) Spellcasting
 - Level 8.5(9.8) Evocations


You had 7 spell levels left.
You knew the following spells:

 Your Spells              Type           Power      Damage    Failure   Level
a - Magic Dart            Conj           100%       1d8       0%          1
b - Searing Ray           Conj           100%       2d8       0%          2
c - Dazzling Flash        Conj/Hex       100%       N/A       1%          3
d - Fulminant Prism       Conj/Hex       60%        3d26      1%          4
e - Iskenderun's Mystic   Conj/Tloc      100%       2d19      1%          4
f - Apportation           Tloc           100%       N/A       0%          1
g - Momentum Strike       Conj/Tloc      100%       3d10      0%          2
h - Poisonous Vapours     Pois/Air       100%       N/A       0%          2
i - Call Canine Familiar  Summ           97%        N/A       1%          3
j - Fireball              Conj/Fire      60%        3d23      1%          5
k - Silence               Hex/Air        48%        N/A       1%          5
Your spell library was empty.

Dungeon Overview and Level Annotations

Branches:
Dungeon (12/15)            Temple (1/1) D:5            Lair (0/5) D:10
  Sewer (visited)          Bailey (visited)
    Orc: D:9-12

Altars:
Ashenzari
Cheibriados
Dithmenos
Elyvilon
Fedhas
Gozag
Hepliaklqana
Makhleb
Nemelex Xobeh
Okawaru
Qazlal
Ru
Trog
Uskayaw
Wu Jian
Xom
Yredelemnul
Zin
The Shining One

Shops:
D:3 =   D:6 *   D:7 *   D:8 [   D:9 !*[

Annotations:
D:2 1 runed translucent door, Crazy Yiuf
D:8 2 transporters, DSscumlord's ghost, novice DsBr


Innate Abilities, Weirdness & Mutations

You are immune to sickness and miasma.
You are immune to poison.
Your flesh is very heat resistant. (rF++)
You are vulnerable to cold. (rC-)
You float through the air rather than walking.
You learn spells naturally, not from books.
Your magical power is your life essence.
You have superior vitality. (+4 MHP)


Message History

Press: ? - help, v - describe, . - travel The floor.
Unknown command.
As you read the scroll of teleportation, it crumbles to dust.
You feel strangely unstable.
Your surroundings suddenly seem different.
Found a scroll of teleportation and 13 gold pieces.
You start resting.
HP restored.
You reach down and open the door.
There is an open door here.
There is an open door here.
Press: ? - help, v - describe, . - travel
Here: a frost giant, wielding a +1 battleaxe of freezing (wandering, hasn't noticed you)
The floor.
Casting: Fulminant Prism (safe; 1% risk of failure)
Confirm with . or Enter, or press ? or * to list all spells.
Aiming: Fulminant Prism (safe; 1% risk of failure)
Press: ? - help, Dir - move target You feel a strong surge of power!
You conjure a prism of explosive energy!
The frost giant shouts!
A fulminant prism comes into view.
The frost giant drinks a potion.
The frost giant's spells are empowered!
Your fulminant prism crackles loudly.
Your fulminant prism explodes!
The blast of energy engulfs the frost giant!!!
The frost giant is heavily wounded.
There is an open door here.
Casting: Fulminant Prism (safe; 1% risk of failure)
Confirm with . or Enter, or press ? or * to list all spells.
Aiming: Fulminant Prism (safe; 1% risk of failure)
Press: ? - help, Dir - move target You feel a strong surge of power!
You conjure a prism of explosive energy!
A fulminant prism comes into view.
The frost giant casts a spell at you. The bolt of cold hits you!!!!
You feel a terrible chill!
Ouch! That really hurt!
You die...

##############*
#.............
, ,
#.$...*...?...,
,
#.............
,
#.....^C......
##@####.......,
#..# .......
#..#, .......
#..# * .......
, #### .... * ,
..... , * ,, ,
..... * , ,
..... * , .....


You could see a frost giant (empowered, ally target) and a friendly fulminant
prism.

Vanquished Creatures
  Gastronok (D:10)
  Nessos (D:12)
  2 centaur warriors (D:12)
  4 two-headed ogres
  Lodul (D:10)
  An orc knight (Bailey)
  2 oklob plants
  2 manticores (D:11)
  An ugly thing (D:11)
  Joseph (D:8)
  Maggie (D:8)
  A gargoyle (D:10)
  Psyche (D:10)
  2 komodo dragons
  A kobold demonologist (D:10)
  3 trolls
  3 hornets
  Prince Ribbit (D:9)
  A shadow (D:12)
  5 wraiths
  Eustachio (D:5)
  15 yaks
  A wyvern (D:10)
  A basilisk (D:12)
  Grum (D:8)
  A steam dragon (D:8)
  3 vampire mosquitoes (D:12)
  3 acid dragons
  2 water moccasins
  Duvessa (D:6)
  The ghost of SirDiesAlot the Sneak, an amateur SpBr (D:3)
  A sky beast (D:7)
  An ice beast (D:7)
  A black bear (D:4)
  8 orc warriors
  11 ogres
  3 centaurs
  4 wolves (D:8)
  2 phantoms
  6 kobold brigands
  A necrophage (D:5)
  2 bullfrogs
  A gnoll sergeant (D:9)
  4 scorpions
  Dowan (D:6)
  8 wights
  6 killer bees (D:9)
  9 howler monkeys
  2 jellies (D:4)
  7 orc priests
  3 hounds
  4 iguanas
  Jessica (D:2)
  5 orc wizards
  15 gnolls
  7 adders
  2 river rats (Sewer)
  2 shadow imps (D:8)
  A white imp (D:7)
  2 worms
  31 orcs
  6 bats
  8 endoplasms
  5 giant cockroaches
  11 hobgoblins
  2 jackals (Sewer)
  28 kobolds
  4 quokkas
  7 ball pythons
  A frilled lizard (D:1)
  8 goblins
  7 rats
  A fulminant prism (D:10)
304 creatures vanquished.

Vanquished Creatures (collateral kills)
  2 orcs
2 creatures vanquished.

Vanquished Creatures (others)
  144 fulminant prisms
  34 plants
178 creatures vanquished.

Grand Total: 484 creatures vanquished

Notes
Turn   | Place    | Note
-------+----------+-------------------------------------------
     0 | D:1      | whiskeysaurus the Djinni Conjurer began the quest for the
                  | Orb.
     0 | D:1      | whiskeysaurus set off with the following spells memorised:
                  | Magic Dart, Searing Ray, Dazzling Flash, Fulminant Prism,
                  | Iskenderun's Mystic Blast.
     0 | D:1      | Reached XP level 1. HP: 15/15 MP: 0/0
   244 | D:1      | Reached XP level 2. HP: 13/21 MP: 0/0
   406 | D:1      | Reached XP level 3. HP: 23/25 MP: 0/0
   406 | D:1      | Learned a level 1 spell: Apportation
   838 | D:2      | Reached skill level 3 in Dodging
  1034 | D:2      | Noticed Jessica
  1036 | D:2      | Killed Jessica
  1037 | D:2      | Reached XP level 4. HP: 9/31 MP: 0/0
  1440 | D:2      | Found a runed translucent door.
  1441 | D:2      | Noticed Crazy Yiuf
  1730 | D:3      | Found Daifomm's Jewellery Shoppe.
  1753 | D:3      | Noticed a phantom
  1759 | D:3      | Killed a phantom
  1760 | D:3      | Reached XP level 5. HP: 28/35 MP: 0/0
  1760 | D:3      | Learned a level 2 spell: Momentum Strike
  1869 | D:3      | Reached XP level 6. HP: 35/40 MP: 0/0
  1902 | D:3      | Identified the ring "Jagule Ydie" {+Blink rPois rF- AC+4
                  | Int+4}
  2006 | D:3      | Found a runed translucent gate.
  2006 | D:3      | Found a runed translucent gate.
  2006 | D:3      | Found a runed translucent gate.
  2007 | D:3      | Noticed SirDiesAlot's ghost (amateur SpBr)
  2016 | D:3      | Reached skill level 4 in Dodging
  2245 | D:3      | Found a faded altar of an unknown god.
  2515 | D:4      | Noticed a black bear
  2520 | D:4      | Killed a black bear
  2521 | D:4      | Reached skill level 1 in Evocations
  2721 | D:4      | Reached XP level 7. HP: 38/45 MP: 0/0
  2721 | D:4      | Learned a level 2 spell: Poisonous Vapours
  3116 | D:4      | Found a glowing drain.
  3125 | Sewer    | Entered a sewer
  3248 | Sewer    | Reached skill level 5 in Dodging
  3287 | Sewer    | Reached XP level 8. HP: 38/50 MP: 0/0
  3342 | Sewer    | Found a glowing silver altar of Zin.
  4738 | D:5      | Entered Level 5 of the Dungeon
  4791 | D:5      | Reached skill level 5 in Spellcasting
  5112 | D:5      | Noticed Eustachio
  5122 | D:5      | Killed Eustachio
  5426 | D:5      | Reached skill level 6 in Dodging
  5426 | D:5      | Reached skill level 5 in Stealth
  5478 | D:5      | Reached XP level 9. HP: 44/55 MP: 0/0
  5478 | D:5      | Learned a level 3 spell: Call Canine Familiar
  5756 | D:4      | Upgraded the game from 0.30-a0-540-g0af01429fa to
                  | 0.30-a0-553-g7fabdf1491
  5860 | D:5      | Reached skill level 5 in Evocations
  6038 | D:5      | Found a staircase to the Ecumenical Temple.
  6044 | Temple   | Entered the Ecumenical Temple
  6470 | D:6      | Found Gucrymn's Assorted Antiques.
  6507 | D:6      | Noticed Dowan
  6508 | D:6      | Noticed Duvessa
  6511 | D:6      | Killed Dowan
  6512 | D:6      | Reached skill level 7 in Dodging
  6530 | D:6      | Killed Duvessa
  7168 | D:6      | Found a broken altar of Ashenzari.
  7173 | D:6      | Became a worshipper of Ashenzari the Shackled
  8105 | D:7      | Found Joadig's Lightly-Used Armoury.
  8614 | D:7      | Reached skill level 8 in Dodging
  8784 | D:7      | Found a hazy altar of Hepliaklqana.
  8790 | D:7      | Reached XP level 10. HP: 47/60 MP: 0/0
  9237 | D:6      | Bought a cloak for 112 gold pieces
  9237 | D:6      | Bought a scroll of teleportation for 75 gold pieces
  9285 | D:8      | Found a transporter.
  9287 | D:8      | Noticed DSscumlord's ghost (novice DsBr)
  9288 | D:8      | Found a transporter.
  9292 | D:8      | Identified the +8 dire flail of the People {vorpal, *Noise
                  | rPois Will++ SInv}
  9305 | D:8      | Noticed Grum
  9321 | D:8      | HP: 2/60 [Grum/-2 spear (19)]
  9324 | D:8      | Killed Grum
  9374 | D:8      | Found a flagged portal.
  9502 | D:8      | Reached skill level 9 in Dodging
  9511 | Bailey   | Entered a bailey
 10007 | Bailey   | Noticed an orc knight
 10310 | Bailey   | Killed an orc knight
 10311 | Bailey   | Reached XP level 11. HP: 35/65 MP: 0/0
 10311 | Bailey   | Learned a level 5 spell: Fireball
 10552 | D:8      | Noticed Maggie
 10562 | D:8      | Killed Maggie
 10563 | D:8      | Reached skill level 10 in Dodging
 10917 | D:8      | Found Ilugiss's Armour Boutique.
 11006 | D:8      | Noticed Joseph
 11022 | D:8      | Killed Joseph
 11550 | D:8      | Reached * piety under Ashenzari
 11852 | D:3      | Killed SirDiesAlot's ghost
 12110 | D:9      | Found Sufaid's Armour Boutique.
 12129 | D:9      | Noticed Prince Ribbit
 12134 | D:9      | Killed Prince Ribbit
 12141 | D:9      | Noticed a two-headed ogre
 12150 | D:9      | Killed a two-headed ogre
 13127 | D:9      | Found Vitoisoy's Distillery.
 13139 | D:9      | Bought a potion of brilliance for 56 gold pieces
 13269 | D:9      | Found Nebrirghuch's General Store.
 13503 | D:10     | Entered Level 10 of the Dungeon
 13503 | D:10     | Noticed Psyche
 13506 | D:10     | Killed Psyche
 13516 | D:10     | Reached skill level 11 in Dodging
 13655 | D:10     | Noticed Lodul
 13982 | D:10     | Noticed a two-headed ogre
 13986 | D:10     | Killed a two-headed ogre
 14110 | D:10     | Reached XP level 12. HP: 55/70 MP: 0/0
 14147 | D:10     | Noticed a two-headed ogre
 14152 | D:10     | Killed a two-headed ogre
 14193 | D:10     | Noticed a soul eater
 14213 | D:10     | Noticed a two-headed ogre
 14217 | D:10     | Killed a two-headed ogre
 14262 | D:10     | Reached skill level 10 in Spellcasting
 14623 | D:10     | Killed Lodul
 14627 | D:10     | Reached skill level 12 in Dodging
 14752 | D:10     | Found a staircase to the Lair.
 14934 | D:10     | Identified the +3 spear "Transmigrator" {venom, rC- rN+
                  | Stlth+}
 14962 | D:10     | Noticed Gastronok
 14974 | D:10     | Killed Gastronok
 15383 | D:11     | Reached ** piety under Ashenzari
 16051 | D:11     | Found a blossoming altar of Fedhas.
 16420 | D:12     | Noticed a centaur warrior
 16421 | D:12     | Reached XP level 13. HP: 49/75 MP: 0/0
 16421 | D:12     | Learned a level 5 spell: Silence
 16726 | D:12     | Noticed a centaur warrior
 16732 | D:12     | Killed a centaur warrior
 16884 | D:12     | Reached skill level 13 in Dodging
 16945 | D:12     | Killed a centaur warrior
 17014 | D:12     | Identified the +6 great sword "Mainon" {speed, *Corrode
                  | +Blink rC+++ Str+3}
 17232 | D:12     | Noticed Nessos
 17248 | D:12     | Killed Nessos
 17282 | D:12     | Noticed a frost giant
 17476 | D:12     | Killed from afar by a frost giant

Illustrated notes

Levels and vault maps discovered:
D:1:      dpeg_cavernosity, layout_basic
D:2:      layout_loops_cross, minmay_tree_intersection, glass_columns_a,
          uniq_jessica, uniq_crazy_yiuf_cottage
D:3:      layout_loops_ring, shapermc_ecumenical_altar_mp_ritualfount,
          serial_shops, nicolae_shop_hallway_stairs,
          gammafunk_ghost_nasty_kobolds
D:4:      mumra_celtic_spiral_tile, layout_rooms, portal_sewer_entry_d,
          nicolae_hexahallways, st_stairs_11
D:5:      layout_rooms, temple_green, uniq_eustachio
D:6:      layout_basic, nicolae_ashenzari_skybound, serial_shops,
          nicolae_take_the_stairs, kennysheep_boxes, uniq_duvessa
D:7:      wander_river, layout_rooms, mainiacjoe_overflow_six_doors_small,
          minmay_shop_damaged, nicolae_figureground_sparkle
D:8:      layout_basic, gammafunk_ghost_smash, serial_shops,
          nicolae_square_shop, enter_bailey_2, uniq_grum, uniq_maggie,
          uniq_joseph
D:9:      layout_loops_ring, serial_shops, shop, nicolae_lakefront_shop,
          nicolae_shop_trees, nicolae_inconvenience_store, uniq_erolcha,
          uniq_prince_ribbit1, uniq_harold
D:10:     layout_rooms, dpeg_oklobed_lair, minmay_alternating_orb,
          uniq_gastronok, uniq_lodul, uniq_psyche
D:11:     layout_roguey, tgw_fedhas
D:12:     minmay_strange_plus, layout_grid_maze, serial_shops,
          kennysheep_little_box, uniq_nessos
Temple:   nicolae_temple_bog_church

Skill      XL: |  1  2  3  4  5  6  7  8  9 10 11 12 13 |
---------------+----------------------------------------+-----
Stealth        | 2 3 4 5 |  5.0
Dodging        | 3 4 5 6 8 9 11 12 13 | 13.3
Spellcasting   | 4 5 6 7 9 11 | 11.8
Evocations     | 1 2 4 6 8 |  8.5

Action                   |  1- 3 |  4- 6 |  7- 9 | 10-12 | 13-15 || total
-------------------------+-------+-------+-------+-------+-------++-------
Melee: Staff             |       |       |       |    62 |       ||    62
 Cast: Magic Dart        |    80 |    55 |    93 |   177 |     8 ||   413
       Searing Ray       |       |     9 |    29 |    27 |       ||    65
       Apportation       |       |     1 |       |       |       ||     1
       Fulminant Prism   |       |     2 |    26 |   106 |    13 ||   147
       Poisonous Vapours |       |       |     4 |     3 |     3 ||    10
       Call Canine Famil |       |       |     4 |       |     1 ||     5
       Iskenderun's Myst |       |       |     1 |    16 |     2 ||    19
       Dazzling Flash    |       |       |       |     3 |       ||     3
       Fireball          |       |       |       |    24 |    10 ||    34
Invok: Curse Item        |       |       |       |     3 |       ||     3
  Use: Scroll            |       |     1 |     1 |     9 |     3 ||    14
       Potion            |       |       |     2 |     1 |       ||     3
Armor: Robe              |       |       |    22 |    10 |     2 ||    34
       Leather armour    |       |       |       |     5 |       ||     5
Dodge: Dodged            |     3 |     3 |    41 |    62 |    12 ||   121

Table legend: (Time is in decaauts)
 A = Elapsed time spent in this place.
 B = Non-inter-level travel time spent in this place.
 C = Inter-level travel time spent in this place.
 D = Time resting spent in this place.
 E = Time spent auto-exploring this place.
 F = Levels seen in this place.
 G = Mean time per level.
                   A        B        C        D        E       F      G
               +--------+--------+--------+--------+--------+-----+--------+
         Total |  17509 |  16385 |   1124 |   5403 |   8288 |  15 | 1167.3 |
       Dungeon |  15991 |  14886 |   1105 |   4972 |   7710 |  12 | 1332.6 |
        Temple |    195 |    176 |     19 |      0 |    117 |   1 |  195.0 |
         Sewer |    309 |    309 |      0 |      0 |    183 |   1 |  309.0 |
        Bailey |   1012 |   1012 |      0 |    431 |    278 |   1 | 1012.0 |
               +--------+--------+--------+--------+--------+-----+--------+

Top non-repeatable levels by time:
     D:4: 2233 daAuts
     D:8: 2214 daAuts
     D:6: 2177 daAuts
     D:9: 1607 daAuts
     D:3: 1507 daAuts
    D:11: 1501 daAuts
  Bailey: 1012 daAuts
    D:10: 963 daAuts
     D:2: 895 daAuts
     D:1: 834 daAuts
     D:7: 746 daAuts
    D:12: 692 daAuts
     D:5: 618 daAuts
   Sewer: 309 daAuts
  Temple: 195 daAuts
